Map: Lerilak Crest

Players

DeVoUT - Winner!

  • Race: Zerg Zerg
  • League: Platinum

LilDicky

  • Race: Terran Terran
  • League: Diamond

VOD

http://www.twitch.tv/tumescentpie

Description

Time

  • Played on: Dec. 1, 2015, 4:34 p.m.
  • Length: 5:31
Show
View Real Time Build Order
Export as new Build Order

DeVoUT Zerg - Winner!

Build Orders: Hatch First 

Get SALT Encoding   

  12  0:02  Drone  
  13  0:12  Overlord  
  13  0:17  Drone  
  14  0:30  Drone x2  
  14  0:35  Drone  
  17  0:56  Hatchery  
  16  0:59  Drone  
  17  1:07  Drone  
  17  1:10  Extractor  
  17  1:18  Spawning Pool  
  16  1:28  Drone x2  
  16  1:29  Drone  
  19  1:42  Overlord  
  19  1:51  Drone  
  20  2:10  Queen  
  20  2:12  Queen  
  20  2:15  Metabolic Boost  
  24  2:17  Zergling x2  
  24  2:19  Zergling x2  
  24  2:22  Zergling x2  
  27  2:29  Drone x2  
  29  2:36  Drone x2  
  31  2:44  Roach Warren  
  30  2:49  Spore Crawler  
  30  3:02  Drone  
  30  3:03  Drone x3  
  30  3:04  Overlord  
  34  3:21  Overlord x2  
  34  3:30  Roach x4  
  34  3:31  Roach  
  44  3:44  Zergling x10  
  50  3:55  Ravager  
  50  3:56  Ravager  
  50  3:59  Zergling x10  
  56  4:17  Roach x2  
  56  4:21  Overlord x3  
  52  4:57  Roach x4  
Show
View Real Time Build Order
Export as new Build Order

LilDicky Terran 

Build Orders: Reaper Expand 

Get SALT Encoding   

  12  0:01  SCV  
  13  0:13  SCV  
  14  0:17  Supply Depot  
  14  0:25  SCV  
  15  0:30  Refinery  
  15  0:39  SCV  
  16  0:45  Barracks  
  16  0:52  SCV  
  17  1:06  SCV  
  18  1:21  SCV  
  19  1:32  Reaper  
  20  1:36  Orbital Command  
  20  1:49  Command Center  
  20  2:02  SCV  
  21  2:11  Factory  
  21  2:14  Barracks Tech Lab  
  21  2:18  Supply Depot  
  21  2:31  SCV  
  22  2:43  SCV  
  23  2:56  SCV  
  24  3:04  Barracks Reactor  
  25  3:05  Starport  
  25  3:06  Orbital Command  
  25  3:08  SCV  
  25  3:14  Siege Tank  
  25  3:17  Command Center  
  28  3:20  SCV  
  28  3:32  SCV  
  29  3:37  SCV  
  29  3:40  Marine  
  29  3:41  Marine  
  32  3:44  SCV  
  32  3:48  Refinery  
  33  4:03  SCV  
  33  4:05  Siege Tank  
  33  4:06  Command Center  
  33  4:08  Supply Depot, Marine x2  
  39  4:12  SCV  
  39  4:15  Supply Depot  
  40  4:22  Engineering Bay  
  40  4:26  SCV, Marine x2  
  40  4:29  SCV  
Tags
 
Add a new tag
Caveats
  • Supply blocks, unpowered buildings, or Contaminate may cause inaccurate times.
  • Supply counts are checked every 10 seconds.